 Dungeon Crawl Stone Soup version 0.30-a0-879-ga8ba668304 (webtiles) character file.

Game seed: 747720091747346917

802 BubbleThief the Cleaver (level 7, -5/64 HPs)
             Began as a Hill Orc Fighter on Mar 13, 2023.
             Succumbed to a water moccasin's poison
             ... on level 5 of the Dungeon.
             The game lasted 00:05:29 (4476 turns).

BubbleThief the Cleaver (Hill Orc Fighter)          Turns: 4476, Time: 00:05:29

Health: -5/64      AC:  8    Str: 21    XL:     7   Next: 90%
Magic:  16/16      EV:  9    Int:  8    God:
Gold:   235        SH:  4    Dex: 10    Spells: 6/6 levels left

rFire   . . .      SeeInvis .    a - +0 war axe
rCold   . . .      Faith    .    c - +0 buckler
rNeg    . . .      Spirit   .    b - +0 scale mail
rPois   .          Reflect  .    (no helmet)
rElec   .          Rampage  .    (no cloak)
rCorr   .                        t - +0 pair of gloves
Will    .....                    (no boots) Stlth
                                 (no amulet)
HPRegen 0.30/turn                q - ring of magical power
MPRegen 0.15/turn                (no ring)

@: lethally poisoned (-5 -> -40), hasted, very quick
A: no striking features
a: no special abilities


You were on level 5 of the Dungeon.
You visited 1 branch of the dungeon, and saw 5 of its levels.
You also visited: Sewer.

You collected 235 gold pieces.

Inventory:

Hand Weapons
 a - a +0 war axe (weapon)
Missiles
 f - 6 silver javelins (quivered)
Armour
 b - a +0 scale mail (worn)
 c - a +0 buckler (worn)
 t - a +0 pair of gloves (worn)
Jewellery
 q - a ring of magical power (left hand)
Scrolls
 h - 2 scrolls of fear {unknown}
 i - 4 scrolls of amnesia {unknown}
 j - a scroll of poison {unknown}
 k - 10 scrolls of identify {unknown}
 l - a scroll of immolation {unknown}
 m - 3 scrolls of summoning {unknown}
 s - a scroll of brand weapon {unknown}
 u - a scroll of magic mapping {unknown}
 w - a scroll of blinking {unknown}
 x - 2 scrolls of enchant armour {unknown}
 y - a scroll of fog {unknown}
 E - a scroll of teleportation {unknown}
 F - a scroll of noise {unknown}
 G - a scroll of vulnerability {unknown}
Potions
 d - 6 potions of might
 e - 4 potions of haste
 g - 2 potions of degeneration {unknown}
 n - 3 potions of mutation {unknown}
 o - 3 potions of cancellation {unknown}
 p - 3 potions of resistance {unknown}
 r - 2 potions of flight {unknown}
 v - 2 potions of brilliance {unknown}
 z - 3 potions of curing {unknown}
 A - a potion of magic {unknown}
 B - a potion of heal wounds {unknown}
 C - a potion of invisibility {unknown}
 D - a potion of lignification {unknown}


   Skills:
 + Level 6.9 Fighting
 * Level 9.5 Axes
 - Level 3.2 Armour
 - Level 3.2 Shields


You had 6 spell levels left.
You didn't know any spells.
Your spell library contained the following spells:

 Spells                   Type           Power      Damage    Failure   Level
 Frozen Ramparts          Ice            0%         1d1       99%         3
 Ice Form                 Ice/Tmut       0%         N/A       100%        4
 Summon Ice Beast         Ice/Summ       0%         N/A       100%        4
 Alistair's Intoxication  Tmut/Pois      0%         N/A       100%        5
 Borgnjor's Vile Clutch   Necr/Erth      0%         N/A       100%        5
 Eringya's Noxious Bog    Tmut/Pois      0%         N/A       100%        6
 Malign Gateway           Summ/Tloc      0%         N/A       100%        7
 Summon Horrible Things   Summ           0%         N/A       100%        8


Dungeon Overview and Level Annotations

Branches:
Dungeon (5/15)              Sewer (visited)
 Temple: D:4-7

Altars:
Hepliaklqana
Vehumet
Xom

Annotations:
D:4 exclusion: statue


Message History

You are more poisoned.
The water moccasin poisons you!
You miss the water moccasin.
The water moccasin is moderately wounded.
You feel very sick. The water moccasin bites you. The water moccasin bites you!
You are lethally poisoned!
The water moccasin poisons you!
You are too injured to fight recklessly!
You are too injured to fight recklessly!
You are too injured to fight recklessly!
You are too injured to fight recklessly!
You are too injured to fight recklessly!
You are too injured to fight recklessly!
You are too injured to fight recklessly!
You are too injured to fight recklessly!
You are too injured to fight recklessly!
You are too injured to fight recklessly!
You are too injured to fight recklessly!
You are too injured to fight recklessly!
You are too injured to fight recklessly!
You are too injured to fight recklessly!
You are too injured to fight recklessly!
You slash the water moccasin!
The water moccasin is almost dead.
* * * LOW HITPOINT WARNING * * *
You feel extremely sick.
The water moccasin bites you but does no damage.
You barely miss the water moccasin.
The water moccasin is severely wounded.
* * * LOW HITPOINT WARNING * * *
You feel very sick. The water moccasin bites you.
* * * LOW HITPOINT WARNING * * *
The water moccasin bites you.
* * * LOW HITPOINT WARNING * * *
You are more poisoned.
The water moccasin poisons you!
It was a potion of haste.
You feel yourself speed up.
You die...

.#### #.#
....#####.########
#..............#
#.###...........
#........#####.#
#.....#### #.#
###.##### #.#
#...# #.# #@$##
#.# ......S### #..
.....## ### ..#.
#..# .... #..#
#..# ## #..#


You could see a water moccasin.

Vanquished Creatures
  A centaur (D:5)
  5 scorpions
  A jelly (D:4)
  2 orc priests
  A sleepcap (D:5)
  2 orc wizards
  Natasha (thrice) (D:3)
  6 adders
  An ufetubus (D:4)
  A worm (D:2)
  12 orcs
  4 bats
  12 endoplasms
  5 giant cockroaches
  5 goblins
  7 hobgoblins
  10 quokkas
  11 ball pythons
  3 frilled lizards
  14 kobolds
  6 rats
  A spectral orc (D:4)
113 creatures vanquished.

Notes
Turn   | Place    | Note
-------+----------+-------------------------------------------
     0 | D:1      | BubbleThief the Hill Orc Fighter began the quest for the
                  | Orb.
     0 | D:1      | Reached XP level 1. HP: 19/19 MP: 1/1
    16 | D:1      | Reached skill level 3 in Axes
   104 | D:1      | Reached XP level 2. HP: 13/27 MP: 2/2
   425 | D:1      | Reached skill level 4 in Axes
   493 | D:1      | Reached XP level 3. HP: 33/33 MP: 3/3
  1882 | D:3      | Reached XP level 4. HP: 41/41 MP: 4/4
  2070 | D:3      | Reached skill level 5 in Axes
  2188 | D:3      | Found a glowing drain.
  2192 | Sewer    | Entered a sewer
  2460 | D:3      | Noticed Natasha
  2465 | D:3      | Killed Natasha
  2466 | D:3      | Reached XP level 5. HP: 47/47 MP: 5/5
  2494 | D:3      | Noticed Natasha
  2498 | D:3      | Killed Natasha
  2499 | D:3      | Reached skill level 5 in Fighting
  2499 | D:3      | Reached skill level 6 in Axes
  2592 | D:3      | Noticed Natasha
  2599 | D:3      | Killed Natasha
  2878 | D:4      | Reached XP level 6. HP: 24/56 MP: 6/6
  3080 | D:4      | Reached skill level 7 in Axes
  3571 | D:4      | Found a radiant altar of Vehumet.
  3669 | D:4      | Reached skill level 8 in Axes
  3669 | D:4      | Reached XP level 7. HP: 43/63 MP: 7/7
  3826 | D:4      | Found a hazy altar of Hepliaklqana.
  3926 | D:4      | Found a shimmering altar of Xom.
  4028 | D:5      | Entered Level 5 of the Dungeon
  4141 | D:5      | Reached skill level 9 in Axes
  4475 | D:5      | HP: 3/64 [water moccasin (6)]
  4476 | D:5      | Succumbed to a water moccasin's poison

Illustrated notes

Levels and vault maps discovered:
D:1:      mrwooster_arrival_arrow, layout_basic
D:2:      layout_loops_ring, minmay_pentomino_u4
D:3:      layout_basic, gup_sewer_entry_bowl, st_stairs_2, uniq_natasha
D:4:      layout_cave_pools, vehumet_statue,
          nicolae_hepliaklqana_monster_ancestors, lemuel_tele_altar
D:5:      layout_loops_ring, nicolae_overflow_crystal_walls,
          roderic_st_hans_cross, minmay_lizard_king

Skill      XL: |  1  2  3  4  5  6  7 |
---------------+----------------------+-----
Axes           | 3 4 5 6 8 9 |  9.5
Fighting       | 4 5 6 |  6.9
Armour         | |  3.2
Shields        | |  3.2

Action                     |  1- 3 |  4- 6 |  7- 9 || total
---------------------------+-------+-------+-------++-------
  Melee: War axe           |   100 |   161 |    71 ||   332
    Use: Potion            |       |       |     1 ||     1
 Armour: Scale mail        |    38 |    93 |    35 ||   166
  Dodge: Dodged            |    38 |    99 |    27 ||   164
  Block: Buckler           |    20 |    36 |    18 ||    74

Table legend: (Time is in decaauts)
 A = Elapsed time spent in this place.
 B = Non-inter-level travel time spent in this place.
 C = Inter-level travel time spent in this place.
 D = Time resting spent in this place.
 E = Time spent auto-exploring this place.
 F = Levels seen in this place.
 G = Mean time per level.
                   A        B        C        D        E       F      G
               +--------+--------+--------+--------+--------+-----+--------+
         Total |   4581 |   4428 |    153 |     65 |   3584 |   6 |  763.5 |
       Dungeon |   4294 |   4141 |    153 |     65 |   3392 |   5 |  858.8 |
         Sewer |    286 |    286 |      0 |      0 |    192 |   1 |  286.0 |
               +--------+--------+--------+--------+--------+-----+--------+

Top non-repeatable levels by time:
     D:4: 1066 daAuts
     D:3: 1055 daAuts
     D:1: 870 daAuts
     D:2: 850 daAuts
     D:5: 452 daAuts
   Sewer: 286 daAuts
